 Dungeon Crawl Stone Soup version 0.28-b1-25-g9875b3fc8c (webtiles) character file.

Game seed: 9006493780595722344

16 mopl the Sneak (level 2, 0/21 HPs)
             Began as an Octopode Delver on Feb 7, 2022.
             Succumbed to an adder's poison
             ... in a sewer.
             The game lasted 00:01:02 (301 turns).

mopl the Sneak (Octopode Delver)                     Turns: 301, Time: 00:01:03

Health: 0/21       AC:  1    Str: 11    XL:     2   Next: 58%
Magic:  2/2        EV: 13    Int: 12    God:
Gold:   16         SH:  0    Dex: 13    Spells: 1/1 levels left

rFire   . . .      SeeInvis .   a - +0 falchion
rCold   . . .      Faith    .   (no shield)
rNeg    . . .      Spirit   .   (helmet restricted)
rPois   .          Reflect  .   (no amulet)
rElec   .          Harm     .   (no ring)
rCorr   .          Rampage  .   (no ring)
Will    .....                   (no ring)
Stlth   +++++.....              (no ring)
HPRegen 0.07/turn               (no ring)
MPRegen 0.08/turn               (no ring)
                                (no ring)
                                (no ring)

@: lethally poisoned (0 -> -8), hasted, very quick
A: almost no armour, amphibious, 8 rings, camouflage 1, gelatinous body 1,
nimble swimmer 1, tentacles
a: no special abilities


You were in a sewer.
You visited 1 branch of the dungeon, and saw 1 of its levels.
You also visited: Sewer.

You collected 16 gold pieces.

Inventory:

Hand Weapons
 a - a +0 falchion (weapon)
Magical Staves
 g - a staff of air
Wands
 f - a wand of digging (3)
Scrolls
 b - a scroll of fog
 c - a scroll of enchant armour {unknown}
 d - a scroll of fear


   Skills:
 + Level 3.1 Fighting
 * Level 2.4 Long Blades
 + Level 2.2 Dodging
 + Level 6.8 Stealth


You had one spell level left.
You didn't know any spells.
Your spell library was empty.

Dungeon Overview and Level Annotations

Branches:
Dungeon (5/15)              Sewer (1/1)
 Temple: D:4-7

Altars:


Innate Abilities, Weirdness & Mutations

You cannot wear most types of armour.
You are amphibious.
You can wear up to eight rings at the same time.
Your skin changes colour to match your surroundings (Stealth+).
Your rubbery body absorbs attacks. (AC +1, EV +1)
You are camouflaged when in or above water. (Stealth+)
You have tentacles for arms and can constrict up to eight enemies at once.


Message History

You kill the giant cockroach!
You see here a giant cockroach corpse.
There is a glowing drain here.
The world spins around you as you enter the gateway.
You enter a sewer!
Found a gate leading back out of this place.
There is an empty arch of ancient stone here.
You start resting.
HP restored.
A frilled lizard comes into view.
A ball python comes into view.
A jackal comes into view.
The ball python hisses angrily.
An adder comes into view.
The ball python closely misses you. The ball python grabs you.
The ball python constricts you.
You barely miss the ball python.
The jackal barks!
The frilled lizard hisses angrily.
Your grab misses the ball python.
You hear an angry hiss.
The ball python bites you. The ball python constricts you.
The ball python bites you. The ball python constricts you.
You escape the ball python's grasp.
The adder bites you.
You are poisoned.
The adder poisons you!
You feel sick.
You feel sick. The adder closely misses you.
You feel sick.
Found a puce potion.
You feel sick.
Something bites the plant.
The plant begins to die.
You feel yourself speed up.
You feel sick. The adder bites you but does no damage.
You feel sick.
You are no longer poisoned.
The adder barely misses you. The adder bites you.
* * * LOW HITPOINT WARNING * * *
You are lethally poisoned!
The adder poisons you!
You die...

.. #≈#≈...P#
≈.. #≈#.≈≈.P#
≈..≈#≈#.≈≈.#
#≈≈≈≈..≈.#
#≈≈≈.≈##
##≈..l.##
##≈≈..≈#
##########.PP#
#!≈≈@≈SS≈hlPP#
##########P..#
###P........#
#P..P.∩∩...##
.P#≈#....≈≈#
#.≈≈≈≈≈#
#≈≈≈≈≈##
#≈≈≈≈## #≈≈#≈#


You could see an adder, a jackal, a ball python and a frilled lizard.

Vanquished Creatures
  A river rat (D:5)
  3 ball pythons (D:5)
  2 giant cockroaches (D:5)
  A rat (D:5)
7 creatures vanquished.

Notes
Turn   | Place    | Note
-------+----------+-------------------------------------------
     0 | D:5      | mopl the Octopode Delver began the quest for the Orb.
     0 | D:5      | Reached XP level 1. HP: 16/16 MP: 1/1
    62 | D:5      | Reached XP level 2. HP: 5/21 MP: 2/2
    75 | D:5      | Found a glowing drain.
    83 | Sewer    | Entered a sewer
   301 | Sewer    | Succumbed to an adder's poison

Illustrated notes

Levels and vault maps discovered:
D:5:      layout_rooms, portal_sewer_entry_c, hangedman_decor_diamond_cutter
Sewer:    sewer_co_scattered_pipes

Action                   || total
-------------------------++-------
Melee: Falchion          ||    15
       Constrict         ||     4
       Tentacles         ||     3
  Use: Scroll            ||     1
       Potion            ||     1
Armor: Skin              ||     1
Dodge: Dodged            ||    11
